 Dungeon Crawl Stone Soup version 0.31-a0-940-gdaa99269f9 (webtiles) character file.

Game seed: 18023843697451593928

119 Forgeling the Slasher (level 4, -1/39 HPs)
             Began as an Armataur Fighter on Oct 20, 2023.
             Slain by a gnoll
             ... wielding a +0 club
              (5 damage)
             ... on level 3 of the Dungeon.
             The game lasted 00:03:11 (2549 turns).

Forgeling the Slasher (Armataur Fighter)            Turns: 2549, Time: 00:03:11

Health: -1/39      AC:  8    Str: 23    XL:     4   Next: 73%
Magic:  4/4        EV:  7    Int:  8    God:
Gold:   205        SH:  4    Dex: 10    Spells: 3/3 levels left

rFire   . . .        a - +0 long sword
rCold   . . .        c - +0 buckler
rNeg    . . .        b - +0 scale mail
rPois   .            j - +0 helmet
rElec   .            (no cloak)
rCorr   .            (no gloves)
SInv    .            (no barding)
Will    .....        (no amulet) Stlth
                     (no ring)
HPRegen 0.26/turn    (no ring)
MPRegen 0.09/turn

%: roll
@: no status effects
A: large, rugged brown scales 3, deformed body, armoured tail, roll, long
tongue, awkward tongue
a: no special abilities


You were on level 3 of the Dungeon.
You visited 1 branch of the dungeon, and saw 3 of its levels.

You collected 205 gold pieces.

Inventory:

Hand Weapons
 a - a +0 long sword (weapon)
Missiles
 t - 2 poisoned darts
 w - 2 javelins
Armour
 b - a +0 scale mail (worn)
 c - a +0 buckler (worn)
 j - a +0 helmet (worn)
Wands
 h - a wand of acid (9)
Scrolls
 d - a scroll of amnesia
 e - a scroll of enchant armour
 f - a scroll of noise {unknown}
 g - a scroll of revelation {unknown}
 k - a scroll of enchant weapon {unknown}
 l - 4 scrolls of teleportation {unknown}
 m - a scroll of fear {unknown}
Potions
 i - 2 potions of curing {unknown}
 n - a potion of enlightenment {unknown}
 M - 2 potions of might
 N - 2 potions of heal wounds {@q2}
 T - 2 potions of berserk rage


   Skills:
 - Level 2.6 Fighting
 + Level 4.5 Long Blades
 - Level 3.6 Armour
 - Level 3.2 Shields


You had 3 spell levels left.
You didn't know any spells.
Your spell library contained the following spells:

 Spells                   Type           Power      Damage    Failure   Level
 Slow                     Hex            0%         N/A       78%         1
 Confusing Touch          Hex            0%         N/A       98%         3
 Sigil of Binding         Hex            0%         N/A       98%         3
 Vampiric Draining        Necr           0%         2d6       98%         3


Dungeon Overview and Level Annotations

Branches:
Dungeon (3/15)

Altars:


Innate Abilities, Weirdness & Mutations

You are completely covered in rugged brown scales. (AC +3, +7% HP)
Armour fits poorly on your strangely shaped body.
You have a long armoured tail.
You roll when moving toward enemies. (Rampage)
Your long tongue fully drains potion bottles. (2x potion effects)
Your tongue gives you trouble enunciating. (1.5x scroll delay)


Message History

n - a viscous orange potion Search for what [Enter for "brand", or ? for help]? altar Can't find anything matching that.
Unknown command.
As you slowly read the scroll of identify {@r1}, it crumbles to dust.
d - a scroll of amnesia 3 gnolls come into view.
The gnoll shouts! x3
Found a long sword.
You roll towards the gnoll!
You hit the gnoll.
The gnoll is heavily wounded.
The gnoll hits you from afar with a +0 halberd!
The gnoll hits you with a +0 club.
You hit the gnoll.
The gnoll is severely wounded.
The gnoll hits you from afar with a +0 halberd!
* * * LOW HITPOINT WARNING * * *
The gnoll hits you with a +0 club.
* * * LOW HITPOINT WARNING * * *
The gnoll hits you from afar with a +0 halberd.
* * * LOW HITPOINT WARNING * * *
The gnoll attacks as it pursues you! The gnoll attacks as it pursues you!
The gnoll attacks as it pursues you! The gnoll attacks as it pursues you!
The gnoll attacks as it pursues you! The gnoll hits you with a +0 club!
* * * LOW HITPOINT WARNING * * *
The gnoll attacks as it pursues you! The gnoll attacks as it pursues you!
The gnoll attacks as it pursues you! The gnoll attacks as it pursues you!
The gnoll attacks as it pursues you! The gnoll attacks as it pursues you!
The gnoll hits you with a +0 club.
* * * LOW HITPOINT WARNING * * *
The gnoll attacks as it pursues you! The gnoll attacks as it pursues you!
The gnoll hits you with a +0 club.
* * * LOW HITPOINT WARNING * * *
There is a stone staircase leading up here.
The gnoll hits you with a +0 club.
You die...

#...##.# #.....######
#...##.## ##...## #
##.##...#######..# #
#.##............# #
###.##...#######.## #
#........# ##+## #
#.#.####.# ##...## #
#.#.####.# ##.....## #
#.#.##.#@# ##.......## #
#.......g###.........####
#.#........g.g.......'...
#.##.....###.........####
#.##.#.#.# ##.......## #
#........# ##.....##
####.##### ##...## #...#
##'###### #.#.# #......#


You could see a gnoll.

Vanquished Creatures
  Robin (D:2)
  2 adders (D:2)
  5 worms
  2 dart slugs
  2 orcs
  8 endoplasms
  5 giant cockroaches
  8 hobgoblins
  2 kobolds
  2 quokkas (D:2)
  6 ball pythons
  2 bats
  A frilled lizard (D:3)
  14 goblins
  2 rats (D:1)
62 creatures vanquished.

Notes
Turn   | Place    | Note
-------+----------+-------------------------------------------
     0 | D:1      | Forgeling the Armataur Fighter began the quest for the Orb.
     0 | D:1      | Reached XP level 1. HP: 19/19 MP: 1/1
   120 | D:1      | Reached skill level 2 in Long Blades
   252 | D:1      | Reached XP level 2. HP: 24/26 MP: 2/2
   847 | D:2      | Reached skill level 3 in Long Blades
   885 | D:2      | Noticed Robin
   974 | D:2      | Reached XP level 3. HP: 3/32 MP: 3/3
   992 | D:2      | Killed Robin
  1119 | D:2      | Reached XP level 4. HP: 39/39 MP: 4/4
  1140 | D:2      | Reached skill level 4 in Long Blades
  1861 | D:3      | Noticed an ogre
  2549 | D:3      | Slain by a gnoll

Illustrated notes

Levels and vault maps discovered:
D:1:      dpeg_arrival_triangle_fractal, layout_basic, minmay_box_of_dots
D:2:      layout_basic, uniq_robin
D:3:      layout_loops_corners, minmay_pentangle

Skill      XL: |  1  2  3  4 |
---------------+-------------+-----
Long Blades    | 2 3 4 |  4.5
Fighting       | |  2.6
Armour         | |  3.6
Shields        | |  3.2

Action                     |  1- 3 |  4- 6 || total
---------------------------+-------+-------++-------
  Melee: Long sword        |   112 |   104 ||   216
         Tailslap          |    12 |     9 ||    21
    Use: Scroll            |     2 |     2 ||     4
         Potion            |     1 |       ||     1
 Armour: Scale mail        |    62 |    85 ||   147
  Dodge: Dodged            |    29 |    40 ||    69
  Block: Buckler           |    24 |    12 ||    36

Table legend: (Time is in decaauts)
 A = Elapsed time spent in this place.
 B = Non-inter-level travel time spent in this place.
 C = Inter-level travel time spent in this place.
 D = Time resting spent in this place.
 E = Time spent auto-exploring this place.
 F = Levels seen in this place.
 G = Mean time per level.
                   A        B        C        D        E       F      G
               +--------+--------+--------+--------+--------+-----+--------+
         Total |   2604 |   2480 |    124 |     67 |   1926 |   3 |  868.0 |
       Dungeon |   2604 |   2480 |    124 |     67 |   1926 |   3 |  868.0 |
               +--------+--------+--------+--------+--------+-----+--------+

Top non-repeatable levels by time:
     D:3: 968 daAuts
     D:1: 852 daAuts
     D:2: 783 daAuts
